[ AOE2 MATCH · #505433840 ]
UnrankedMalians vs Aztecs
Player's team · LOSS
Rival team · WIN
[ REPLAY ANALYSIS · EXTRACTED FROM THE RECORDED GAME ]
Feudal
10:54
Castle
23:14
Imperial
—
| APM avg | 77.9 |
| APM peak | 137 |
| eAPM avg | 29.5 |
| Villagers / military | 95 / 102 |
Focus
⚔️ 34.3% · 🌾 65.7%
Skirmisher ×53 · Knight ×40 · Scout Cavalry ×6 · Militia ×3
Feudal
8:58
Castle
21:56
Imperial
—
| APM avg | 87.6 |
| APM peak | 127 |
| eAPM avg | 50.7 |
| Villagers / military | 83 / 170 |
Focus
⚔️ 63.1% · 🌾 36.9%
Eagle Scout ×70 · Spearman ×48 · Jaguar Warrior ×17 · Archer ×14 · Battering Ram ×10 · Monk ×8
Match map
Initial resources + every placement click. Lines = walls · curves = elevation contours. ◆ gold · ⬟ stone · ● berries · ✦ relic · ◌ wall gap
Your base· Open — opponent sealed themselves in
Iam_SoBad's base· ✓ Closed at 21:56 · 29t walls · no gate
Smoothed initial terrain · ◌ = detected wall gap · hover for details
Inputs per minute
— uel - - Iam_SoBad
Build order — uel
First 150 of 332 actions detected
| 0:01 | Create | Villager (Male) |
| 0:01 | Create | Villager (Male) |
| 0:01 | Create | Villager (Male) |
| 0:02 | Build | House |
| 0:04 | Build | House |
| 0:08 | Create | Villager (Male) |
| 1:25 | Create | Villager (Male) |
| 1:49 | Create | Villager (Male) |
| 2:13 | Create | Villager (Male) |
| 2:17 | Build | Lumber Camp |
| 2:37 | Create | Villager (Male) |
| 3:06 | Create | Villager (Male) |
| 3:31 | Create | Villager (Male) |
| 3:38 | Create | Villager (Male) |
| 4:06 | Build | House |
| 4:12 | Create | Villager (Male) |
| 4:22 | Build | Barracks |
| 4:37 | Build | House |
| 4:43 | Create | Villager (Male) |
| 5:19 | Create | Militia |
| 5:21 | Build | House |
| 5:32 | Create | Militia |
| 5:39 | Create | Villager (Male) |
| 5:43 | Create | Militia |
| 6:01 | Build | Mill |
| 6:04 | Create | Villager (Male) |
| 6:28 | Create | Villager (Male) |
| 6:48 | Create | Villager (Male) |
| 6:53 | Create | Villager (Male) |
| 7:27 | Create | Villager (Male) |
| 7:28 | Research | Loom |
| 8:21 | Build | Lumber Camp |
| 8:44 | Research | Feudal Age |
| 9:51 | Create | Villager (Male) |
| 9:53 | Build | Farm |
| 9:53 | Build | Farm |
| 9:53 | Build | Farm |
| 9:53 | Build | Farm |
| 10:01 | Create | Villager (Male) |
| 10:54 | Age | Feudal Age |
| 10:57 | Build | Stable |
| 10:59 | Research | Double-Bit Axe |
| 11:01 | Research | Horse Collar |
| 11:03 | Create | Villager (Male) |
| 11:19 | Build | Palisade Wall |
| 11:26 | Create | Villager (Male) |
| 11:31 | Build | Palisade Wall |
| 11:32 | Build | Palisade Wall |
| 11:33 | Create | Scout Cavalry |
| 11:39 | Build | Palisade Wall |
| 11:42 | Build | Palisade Wall |
| 11:44 | Build | Palisade Wall |
| 11:50 | Create | Scout Cavalry |
| 11:56 | Build | Farm |
| 12:04 | Build | Farm |
| 12:15 | Create | Villager (Male) |
| 12:17 | Build | Farm |
| 12:27 | Create | Scout Cavalry |
| 12:43 | Build | House |
| 12:58 | Build | Farm |
| 13:01 | Build | Palisade Wall |
| 13:03 | Create | Villager (Male) |
| 13:15 | Create | Villager (Male) |
| 13:18 | Build | Archery Range |
| 13:20 | Create | Villager (Male) |
| 13:21 | Build | House |
| 13:25 | Build | House |
| 13:25 | Build | Palisade Wall |
| 13:30 | Create | Scout Cavalry |
| 13:33 | Build | House |
| 13:34 | Build | Palisade Wall |
| 13:52 | Build | Palisade Wall |
| 14:05 | Create | Skirmisher |
| 14:12 | Create | Villager (Male) |
| 14:14 | Build | Palisade Gate |
| 14:20 | Build | Palisade Wall |
| 14:25 | Create | Villager (Male) |
| 14:40 | Create | Skirmisher |
| 14:41 | Create | Villager (Male) |
| 14:43 | Build | Farm |
| 14:53 | Build | Farm |
| 14:55 | Build | Farm |
| 15:00 | Build | House |
| 15:11 | Create | Villager (Male) |
| 15:12 | Create | Skirmisher |
| 15:24 | Build | Farm |
| 15:25 | Create | Villager (Male) |
| 15:35 | Create | Skirmisher |
| 15:50 | Build | Mining Camp |
| 15:53 | Create | Skirmisher |
| 16:07 | Create | Villager (Male) |
| 16:10 | Create | Villager (Male) |
| 16:23 | Build | Blacksmith |
| 16:30 | Create | Villager (Male) |
| 16:31 | Create | Skirmisher |
| 16:41 | Create | Skirmisher |
| 16:51 | Build | House |
| 16:55 | Build | Palisade Gate |
| 17:01 | Build | Farm |
| 17:04 | Create | Villager (Male) |
| 17:08 | Create | Skirmisher |
| 17:10 | Build | House |
| 17:13 | Build | House |
| 17:25 | Research | Fletching |
| 17:26 | Create | Villager (Male) |
| 17:28 | Build | Farm |
| 17:34 | Create | Villager (Male) |
| 17:42 | Create | Skirmisher |
| 17:53 | Build | Farm |
| 18:02 | Create | Skirmisher |
| 18:10 | Create | Skirmisher |
| 18:19 | Create | Villager (Male) |
| 18:20 | Build | Farm |
| 18:27 | Create | Villager (Male) |
| 18:29 | Build | Farm |
| 18:43 | Create | Villager (Male) |
| 18:44 | Build | House |
| 18:58 | Build | Market |
| 19:05 | Create | Skirmisher |
| 19:33 | Create | Villager (Male) |
| 19:34 | Build | Farm |
| 20:22 | Research | Castle Age |
| 20:24 | Create | Skirmisher |
| 20:37 | Build | Farm |
| 20:40 | Create | Skirmisher |
| 21:02 | Research | Bloodlines |
| 21:02 | Research | Bloodlines |
| 21:12 | Build | Farm |
| 21:16 | Build | Farm |
| 21:17 | Build | Farm |
| 21:21 | Create | Scout Cavalry |
| 21:39 | Create | Skirmisher |
| 21:52 | Create | Scout Cavalry |
| 22:00 | Research | Scale Barding Armor |
| 22:00 | Research | Scale Barding Armor |
| 22:19 | Build | Stable |
| 22:32 | Build | Farm |
| 22:56 | Research | Gold Mining |
| 23:07 | Create | Villager (Male) |
| 23:14 | Age | Castle Age |
| 23:16 | Build | House |
| 23:16 | Build | House |
| 23:18 | Build | House |
| 23:20 | Create | Knight |
| 23:20 | Create | Knight |
| 23:21 | Research | Chain Barding Armor |
| 23:47 | Create | Knight |
| 24:02 | Create | Knight |
| 24:17 | Create | Skirmisher |
| 24:26 | Create | Knight |
Build order — Iam_SoBad
First 150 of 401 actions detected
| 0:00 | Create | Villager (Male) |
| 0:00 | Create | Villager (Male) |
| 0:01 | Create | Villager (Male) |
| 0:01 | Create | Villager (Male) |
| 0:02 | Build | House |
| 0:03 | Build | House |
| 1:23 | Create | Villager (Male) |
| 1:57 | Build | Lumber Camp |
| 2:08 | Create | Villager (Male) |
| 2:08 | Create | Villager (Male) |
| 2:14 | Create | Villager (Male) |
| 2:43 | Create | Villager (Male) |
| 3:13 | Create | Villager (Male) |
| 3:41 | Create | Villager (Male) |
| 3:49 | Build | House |
| 3:56 | Create | Villager (Male) |
| 4:21 | Build | House |
| 4:25 | Create | Villager (Male) |
| 4:43 | Create | Villager (Male) |
| 5:11 | Create | Villager (Male) |
| 5:32 | Create | Villager (Male) |
| 5:56 | Build | Mining Camp |
| 6:14 | Research | Loom |
| 6:48 | Research | Feudal Age |
| 6:48 | Research | Feudal Age |
| 7:12 | Build | Palisade Wall |
| 7:36 | Build | Palisade Wall |
| 8:03 | Build | Barracks |
| 8:21 | Create | Villager (Male) |
| 8:58 | Age | Feudal Age |
| 9:00 | Build | Archery Range |
| 9:02 | Research | Double-Bit Axe |
| 9:02 | Create | Villager (Male) |
| 9:03 | Create | Villager (Male) |
| 9:36 | Build | House |
| 9:38 | Create | Archer |
| 9:38 | Create | Archer |
| 9:50 | Create | Villager (Male) |
| 10:04 | Build | Blacksmith |
| 10:10 | Build | House |
| 10:20 | Create | Villager (Male) |
| 10:46 | Create | Villager (Male) |
| 10:59 | Build | Mill |
| 11:10 | Create | Villager (Male) |
| 11:31 | Create | Archer |
| 11:40 | Build | House |
| 11:42 | Research | Fletching |
| 11:42 | Research | Fletching |
| 11:46 | Build | Farm |
| 11:47 | Build | Farm |
| 11:49 | Build | Farm |
| 11:51 | Build | Farm |
| 11:57 | Create | Archer |
| 11:57 | Create | Archer |
| 12:09 | Create | Spearman |
| 12:12 | Create | Archer |
| 12:16 | Build | House |
| 12:17 | Build | Palisade Wall |
| 12:22 | Build | Palisade Wall |
| 12:31 | Create | Spearman |
| 12:42 | Build | Farm |
| 12:42 | Create | Villager (Male) |
| 12:43 | Create | Villager (Male) |
| 12:57 | Build | House |
| 13:06 | Build | Palisade Wall |
| 13:07 | Create | Archer |
| 13:16 | Create | Villager (Male) |
| 13:26 | Build | Farm |
| 13:40 | Create | Spearman |
| 13:41 | Create | Archer |
| 13:41 | Create | Archer |
| 13:55 | Create | Villager (Male) |
| 13:58 | Build | Farm |
| 14:00 | Create | Archer |
| 14:00 | Create | Archer |
| 14:09 | Create | Villager (Male) |
| 14:09 | Create | Villager (Male) |
| 14:13 | Create | Archer |
| 14:15 | Build | Palisade Wall |
| 14:29 | Create | Villager (Male) |
| 14:33 | Build | Farm |
| 14:34 | Build | Farm |
| 14:45 | Create | Spearman |
| 15:05 | Build | Palisade Wall |
| 15:08 | Create | Villager (Male) |
| 15:14 | Create | Villager (Male) |
| 15:18 | Create | Archer |
| 15:23 | Build | Farm |
| 15:26 | Create | Archer |
| 15:44 | Build | Farm |
| 15:45 | Create | Villager (Male) |
| 15:54 | Build | House |
| 16:02 | Create | Villager (Male) |
| 16:06 | Build | House |
| 16:25 | Create | Villager (Male) |
| 16:43 | Create | Villager (Male) |
| 16:47 | Build | Lumber Camp |
| 16:53 | Build | House |
| 16:58 | Research | Wheelbarrow |
| 16:58 | Research | Wheelbarrow |
| 17:11 | Create | Spearman |
| 17:18 | Build | House |
| 17:19 | Build | House |
| 17:32 | Create | Villager (Male) |
| 17:35 | Build | Farm |
| 17:53 | Create | Villager (Male) |
| 18:04 | Create | Villager (Male) |
| 18:23 | Build | Market |
| 18:33 | Create | Villager (Male) |
| 18:34 | Research | Padded Archer Armor |
| 18:35 | Research | Padded Archer Armor |
| 19:16 | Research | Castle Age |
| 19:16 | Research | Castle Age |
| 19:24 | Build | Farm |
| 19:54 | Create | Eagle Scout |
| 19:54 | Create | Eagle Scout |
| 19:55 | Research | Forging |
| 19:56 | Research | Forging |
| 20:01 | Build | Barracks |
| 20:17 | Build | Farm |
| 20:22 | Create | Spearman |
| 20:43 | Build | Farm |
| 20:57 | Create | Eagle Scout |
| 20:57 | Create | Eagle Scout |
| 21:08 | Research | Scale Mail Armor |
| 21:08 | Research | Scale Mail Armor |
| 21:42 | Build | Farm |
| 21:42 | Build | Farm |
| 21:44 | Build | Farm |
| 21:48 | Create | Eagle Scout |
| 21:49 | Create | Eagle Scout |
| 21:49 | Create | Eagle Scout |
| 21:56 | Age | Castle Age |
| 21:58 | Build | House |
| 21:58 | Build | House |
| 22:02 | Research | Squires |
| 22:03 | Research | Squires |
| 22:08 | Build | Farm |
| 22:09 | Build | Farm |
| 22:10 | Build | Farm |
| 22:10 | Create | Villager (Male) |
| 22:11 | Create | Villager (Male) |
| 22:18 | Research | Eagle Warrior (upgrade) |
| 22:18 | Research | Eagle Warrior (upgrade) |
| 22:22 | Create | Eagle Scout |
| 22:27 | Research | Squires |
| 22:30 | Create | Villager (Male) |
| 22:44 | Research | Horse Collar |
| 22:44 | Research | Horse Collar |
| 22:45 | Create | Eagle Scout |
Match timeline
| 4:22 | uel · first_building Barracks |
| 7:12 | Iam_SoBad · wall_segment Palisade Wall x9 |
| 7:36 | Iam_SoBad · wall_segment Palisade Wall x1 |
| 8:03 | Iam_SoBad · first_building Barracks |
| 8:58 | Iam_SoBad · age_up feudal |
| 9:00 | Iam_SoBad · first_building Archery Range |
| 10:54 | uel · age_up feudal |
| 10:57 | uel · first_building Stable |
| 11:19 | uel · wall_segment Palisade Wall x9 |
| 11:31 | uel · wall_segment Palisade Wall x9 |
| 11:32 | uel · wall_segment Palisade Wall x3 |
| 11:39 | uel · wall_segment Palisade Wall x11 |
| 11:42 | uel · wall_segment Palisade Wall x13 |
| 11:44 | uel · wall_segment Palisade Wall x3 |
| 12:17 | Iam_SoBad · wall_segment Palisade Wall x2 |
| 12:22 | Iam_SoBad · wall_segment Palisade Wall x15 |
| 13:01 | uel · wall_segment Palisade Wall x1 |
| 13:06 | Iam_SoBad · wall_segment Palisade Wall x1 |
| 13:18 | uel · first_building Archery Range |
| 13:25 | uel · wall_segment Palisade Wall x1 |
| 13:34 | uel · wall_segment Palisade Wall x1 |
| 13:52 | uel · wall_segment Palisade Wall x3 |
| 14:15 | Iam_SoBad · wall_segment Palisade Wall x1 |
| 14:20 | uel · wall_segment Palisade Wall x5 |
| 15:05 | Iam_SoBad · wall_segment Palisade Wall x2 |
| 19:00 | Iam_SoBad · first_market_buy 100 food |
| 19:04 | Iam_SoBad · first_market_sell 100 wood |
| 20:00 | uel · first_market_sell 100 wood |
| 20:00 | uel · first_market_buy 100 food |
| 21:56 | Iam_SoBad · age_up castle |
| 23:14 | uel · age_up castle |
| 23:52 | Iam_SoBad · first_building Monastery |
| 23:54 | Iam_SoBad · wall_segment Palisade Wall x1 |
| 24:02 | Iam_SoBad · wall_segment Palisade Wall x1 |
| 24:03 | Iam_SoBad · wall_segment Palisade Wall x1 |
| 24:04 | Iam_SoBad · wall_segment Palisade Wall x1 |
| 25:52 | Iam_SoBad · wall_segment Palisade Wall x1 |
| 28:05 | Iam_SoBad · first_building Siege Workshop |
| 28:10 | uel · wall_segment Palisade Wall x1 |
| 28:41 | uel · wall_segment Palisade Wall x1 |
| 33:38 | Iam_SoBad · first_building Castle |
| 37:12 | uel · wall_segment Palisade Wall x1 |
| 38:48 | uel · wall_segment Palisade Wall x2 |
| 41:32 | uel · resign |
[ AI ANALYSIS · 1 CREDIT ]
What really happened in this match?
Wolo.gg analyzes every decision: build order, eco, micro, common mistakes by bracket. Personalized analysis on WhatsApp or Discord in 30 seconds.
Civ guide
Malians
Perfil
uel